 Dungeon Crawl Stone Soup version 0.22-a0-240-g539252a (webtiles) character file.

269 wolfsongas the Digger (level 6, -3/37 HPs)
             Began as a Gargoyle Earth Elementalist on Feb 22, 2018.
             Was an Initiate of Vehumet.
             Slain by an ogre
             ... wielding a +0 giant club
              (14 damage)
             ... on level 4 of the Dungeon.
             The game lasted 00:08:05 (3875 turns).

wolfsongas the Digger (Gargoyle Earth Elementalist) Turns: 3875, Time: 00:08:06

Health: -3/37      AC: 11    Str: 12    XL:     6   Next: 22%
Magic:  10/10      EV: 10    Int: 17    God:    Vehumet [......]
Gold:   153        SH:  0    Dex: 12    Spells: 10/11 levels left

rFire    . . .     SeeInvis .   q - +0 short sword
rCold    . . .     Gourm    .   (no shield)
rNeg     + . .     Faith    .   f - +0 ring mail
rPois    ∞         Spirit   .   (no helmet)
rElec    +         Reflect  .   (no cloak)
rCorr    .         Harm     .   m - +0 pair of gloves
MR       .....                  (no boots)
Stlth    +.........             (no amulet)
HPRegen  0.12/turn              i - +1 ring of protection
MPRegen  0.12/turn              p - +2 ring of dexterity

@: no status effects
A: negative energy resistance 1, electricity resistance, unbreathing,
petrification resistance, rot immunity, AC +4
a: Renounce Religion


You were on level 4 of the Dungeon.
You worshipped Vehumet.
Vehumet was noncommittal.
You were not hungry.

You visited 1 branch of the dungeon, and saw 4 of its levels.

You collected 153 gold pieces.

Inventory:

Hand Weapons
 q - a +0 short sword (weapon)
Armour
 f - a +0 ring mail (worn)
 m - a +0 pair of gloves (worn)
Jewellery
 i - a +1 ring of protection (left hand)
 k - an uncursed ring of protection from cold
 p - a +2 ring of dexterity (right hand)
Scrolls
 e - 2 scrolls of fear
 g - 3 scrolls of amnesia
 h - a scroll of identify
 o - a scroll of enchant weapon
 t - a scroll of remove curse
Potions
 a - a potion of flight {unknown}
 c - 2 potions of heal wounds
 j - a potion of magic {unknown}
 l - 2 potions of curing
 n - a potion of ambrosia
 r - 2 potions of resistance
 s - a potion of cancellation
Comestibles
 d - 4 rations
 u - a chunk of flesh


   Skills:
 + Level 3.0 Fighting
 - Level 1.5 Dodging
 - Level 2.1 Stealth
 + Level 3.3 Spellcasting
   Level 0.7 Transmutations
 * Level 6.3 Earth Magic


You had 10 spell levels left.
You knew the following spells:

 Your Spells              Type           Power        Failure   Level  Hunger
a - Sandblast             Erth           ###...       2%          1    None


Dungeon Overview and Level Annotations

Branches:
Dungeon (4/15)
 Temple: D:4-7

Altars:
Qazlal
Vehumet
Yredelemnul


Innate Abilities, Weirdness & Mutations

You are resistant to torment.
Your stone body is resilient. (AC +4)
You are immune to poison.
You resist negative energy. (rN+)
You are resistant to electric shocks. (rElec)
You can survive without breathing.
You are immune to petrification.
You are immune to rotting.


Message History

The ogre hits you with a giant club!
You hit the ogre.
The ogre is almost dead.
The ogre closely misses you.
You hit the ogre but do no damage.
The ogre is almost dead.
The ogre hits you with a giant club!
* * * LOW HITPOINT WARNING * * *
You completely miss the ogre.
The ogre is severely wounded.
The ogre closely misses you.
You hit the ogre but do no damage.
The ogre is severely wounded.
Your ring mail prevents you from hitting the ogre.
The ogre is severely wounded.
The ogre closely misses you.
You hit the ogre.
The ogre is almost dead.
The ogre hits you with a giant club!
You die...

# . . # .# #.
###########
.. ..
##..........
#. .#
##..#########
#. .###..##
#. .##..##
#.#O##.##
#.@.##.#
##'###.#
#.....#
#######


You could see an ogre.

Vanquished Creatures
  A phantom (D:4)
  An orc priest (D:4)
  An iguana (D:4)
  A worker ant zombie (D:3)
  2 adders
  2 oozes
  An adder zombie (D:4)
  2 worms (D:2)
  3 dart slugs
  2 leopard geckos
  6 orcs
  5 bats
  A giant cockroach (D:2)
  8 goblins
  6 hobgoblins
  3 quokkas
  5 frilled lizards
  5 kobolds
  12 rats
67 creatures vanquished.

Vanquished Creatures (others)
  A howler monkey (D:4)
  4 gnolls (D:4)
5 creatures vanquished.

Grand Total: 72 creatures vanquished

Notes
Turn   | Place    | Note
-------+----------+-------------------------------------------
     0 | D:1      | wolfsongas the Gargoyle Earth Elementalist began the quest for the Orb.
     0 | D:1      | Reached XP level 1. HP: 10/10 MP: 3/3
   211 | D:1      | Reached skill level 4 in Earth Magic
   211 | D:1      | Reached XP level 2. HP: 16/16 MP: 0/5
   601 | D:1      | Reached skill level 1 in Fighting
  1096 | D:2      | Reached XP level 3. HP: 20/20 MP: 2/6
  1351 | D:2      | Found a basalt altar of Yredelemnul.
  1920 | D:2      | Reached XP level 4. HP: 26/26 MP: 5/7
  2087 | D:3      | Found a stormy altar of Qazlal.
  2174 | D:3      | Reached skill level 5 in Earth Magic
  2817 | D:3      | Found a radiant altar of Vehumet.
  3042 | D:3      | Became a worshipper of Vehumet
  3234 | D:4      | Reached XP level 5. HP: 30/30 MP: 6/9
  3672 | D:4      | Noticed a phantom
  3696 | D:4      | Killed a phantom
  3696 | D:4      | Reached skill level 6 in Earth Magic
  3696 | D:4      | Reached XP level 6. HP: 32/37 MP: 0/10
  3875 | D:4      | Slain by an ogre

Vault maps used:
D:1:      saegor_arrival_simple_c, minivault_19
D:2:      yredelemnul_altar_generic
D:3:      lemuel_crystal_altar, marbit_many_paths, serial_undead,
          serial_undead_f, serial_undead_b, serial_undead_c, serial_undead_f
D:4:      nicolae_tso_swordbearing_angel, first_ration, lemuel_old_faithful

Skill      XL: |  1  2  3  4  5 |
---------------+----------------+-----
Earth Magic    | 4 5 6 |  6.3
Fighting       | 1 2 3 |  3.0
Spellcasting   | 3 |  3.3
Dodging        | |  1.5
Stealth        | |  2.1
Transmutations | |  0.7

Action                   |  1- 3 |  4- 6 || total
-------------------------+-------+-------++-------
Melee: Club              |    60 |     2 ||    62
       Dagger            |       |    65 ||    65
       Short sword       |       |     8 ||     8
 Cast: Sandblast         |    31 |    64 ||    95
  Use: Scroll            |     5 |     8 ||    13
  Eat: Chunk             |     3 |     5 ||     8
       Ration            |       |     1 ||     1
Armor: Robe              |    11 |       ||    11
       Ring mail         |    23 |    48 ||    71
Dodge: Dodged            |    44 |    47 ||    91

Table legend:
 A = Spawn XP
 B = Non-spawn XP
 C = Spawn XP percentage of total XP
 D = Spawn monster count
 E = Non-spawn monster count
 F = Spawn count percentage of total count
 G = Total turns spent on level
                    A         B        C        D         E        F      G
               +---------+---------+-------+---------+---------+-------+---------
         Total |       0 |     385 |   0.0 |       0 |      67 |   0.0 |  3875
               +---------+---------+-------+---------+---------+-------+---------
           D:1 |       0 |      24 |   0.0 |       0 |      12 |   0.0 |   988
           D:2 |       0 |      61 |   0.0 |       0 |      22 |   0.0 |   989
           D:3 |       0 |      71 |   0.0 |       0 |      24 |   0.0 |  1232
           D:4 |       0 |     229 |   0.0 |       0 |       9 |   0.0 |   666
               +---------+---------+-------+---------+---------+-------+---------
